 Dungeon Crawl Stone Soup version 0.29.1-14-g9c671dbff4 (webtiles) character file.

Game seed: 17264073643542440803

35 MrCheese the Ruffian (level 3, 0/28 HPs)
             Began as a Draconian Transmuter on Feb 13, 2023.
             Was a Follower of Uskayaw.
             Frozen to death by an endoplasm (4 damage)
             ... on level 2 of the Dungeon.
             The game lasted 00:07:27 (1769 turns).

MrCheese the Ruffian (Draconian Transmuter)         Turns: 1769, Time: 00:07:27

Health: 0/28       AC:  6    Str: 12    XL:     3   Next: 16%
Magic:  6/6        EV: 12    Int: 15    God:    Uskayaw [*.....]
Gold:   77         SH:  0    Dex: 11    Spells: 3/6 levels left

rFire   . . .      SeeInvis .     - Unarmed
rCold   . . .      Faith    .   (no shield)
rNeg    . . .      Spirit   .   (body armour unavailable)
rPois   .          Reflect  .   (helmet restricted)
rElec   .          Harm     .   (no cloak)
rCorr   +          Rampage  .   g - +0 pair of gloves
Will    .....                   (no boots)
Stlth   +.........              (no amulet)
HPRegen 0.09/turn               c - ring of resist corrosion
MPRegen 0.10/turn               (no ring)

@: no status effects
A: AC +5, unfitting armour, cold-blooded
a: Renounce Religion, Stomp


You were on level 2 of the Dungeon.
You worshipped Uskayaw.
Uskayaw was noncommittal.
You visited 1 branch of the dungeon, and saw 2 of its levels.

You collected 77 gold pieces.

Inventory:

Armour
 g - a +0 pair of gloves (worn)
Jewellery
 c - a ring of resist corrosion (left hand)
 i - a ring of wizardry
Scrolls
 b - a scroll of identify {unknown}
 e - a scroll of enchant weapon {unknown}
 h - a scroll of immolation {unknown}
 k - a scroll of silence {unknown}
 l - a scroll of brand weapon {unknown}
Potions
 a - a potion of lignification
 d - a potion of resistance {unknown}
 f - a potion of degeneration {unknown}
 j - a potion of cancellation {unknown}


   Skills:
 + Level 1.1 Fighting
 + Level 2.3 Dodging
 + Level 3.5 Unarmed Combat
 + Level 2.1 Spellcasting
 + Level 2.3 Transmutations


You had 3 spell levels left.
You knew the following spells:

 Your Spells              Type           Power      Damage    Failure   Level
a - Beastly Appendage     Tmut           16%        N/A       9%          1
b - Wereblood             Tmut           8%         N/A       13%         2

Your spell library contained the following spells:

 Spells                   Type           Power      Damage    Failure   Level
 Magic Dart               Conj           4%         1d3       22%         1
 Call Imp                 Summ           1%         N/A       32%         2
 Spider Form              Tmut/Pois      5%         N/A       38%         3
 Mephitic Cloud           Conj/Pois/Air  1%         N/A       54%         3
 Ice Form                 Ice/Tmut       5%         N/A       80%         4


Dungeon Overview and Level Annotations

Branches:
Dungeon (2/15)

Altars:
Uskayaw


Innate Abilities, Weirdness & Mutations

Your plain brown scales are hard. (AC +5)
You cannot fit into any form of body armour.
You are cold-blooded and may be slowed by cold attacks.


Message History

The kobold hits you with a +0 short sword.
The endoplasm freezes you.
You are frozen.
You feel as though you will be slow longer.
You hit the kobold.
You kill the kobold!
The endoplasm hits you but does no damage.
The endoplasm attacks as you move away! The endoplasm closely misses you.
The endoplasm jiggles.
The endoplasm freezes you.
You are frozen.
You feel as though you will be slow longer.
An endoplasm is nearby!
The endoplasm misses you. The endoplasm completely misses you.
The endoplasm barely misses you. The endoplasm barely misses you.
The endoplasm hits you but does no damage. x2
The endoplasm hits you but does no damage.
The endoplasm misses you.
The endoplasm hits you but does no damage.
The endoplasm barely misses you.
You feel yourself speed up. The endoplasm freezes you.
You are frozen.
The endoplasm closely misses you. The endoplasm freezes you.
You are frozen.
* * * LOW HITPOINT WARNING * * *
The endoplasm freezes you.
You are frozen.
* * * LOW HITPOINT WARNING * * *
You feel yourself slow down.
You feel yourself speed up.
The endoplasm hits you but does no damage.
The endoplasm barely misses you.
The endoplasm hits you but does no damage.
The endoplasm barely misses you. The endoplasm misses you.
The endoplasm freezes you.
You are frozen.
You die...

#8~#####~
#~~~.._~~
#.#~#~.~.~.
..~~#...~.~
.#
#.~~.~~~.
.#
#~~#~~.~.
########.##
#..##'''~
#.........#
#...~.~~.
#...@..[..#
###..#.##
#...J)....#
#......
#.........#
#.#####
#.........#
#.#
#..[......#
#.#
#.........#
#.#####
#.........#
#.....[
########'##
####### #.#


You could see an endoplasm.

Vanquished Creatures
  3 ball pythons (D:1)
  2 endoplasms (D:1)
  2 giant cockroaches (D:1)
  3 hobgoblins
  2 kobolds
  6 quokkas (D:1)
  A bat (D:1)
  A frilled lizard (D:1)
  6 goblins
  2 rats (D:2)
  A spectral hobgoblin (D:2)
29 creatures vanquished.

Notes
Turn   | Place    | Note
-------+----------+-------------------------------------------
     0 | D:1      | MrCheese the Draconian Transmuter began the quest for the
                  | Orb.
     0 | D:1      | Reached XP level 1. HP: 16/16 MP: 3/3
   541 | D:1      | Reached XP level 2. HP: 23/23 MP: 5/5
   547 | D:1      | Learned a level 2 spell: Wereblood
  1179 | D:1      | Reached XP level 3. HP: 28/28 MP: 6/6
  1683 | D:2      | Found a faded altar of an unknown god.
  1691 | D:2      | Prayed at the altar of an unknown god.
  1691 | D:2      | Became a worshipper of Uskayaw the Reveller
  1691 | D:2      | Reached * piety under Uskayaw
  1769 | D:2      | Frozen to death by an endoplasm

Illustrated notes

Levels and vault maps discovered:
D:1:      wander_arrival_fairy_ring, layout_basic, minmay_split_cup_small
D:2:      layout_basic, dreamdust_ecumenical_altar_drowned_temple,
          corexii_corridor_pit

Skill      XL: |  1 |
---------------+----+-----
Dodging        | 2 |  2.3
Fighting       | |  1.1
Unarmed Combat | |  3.5
Spellcasting   | |  2.1
Transmutations | |  2.3

Action                   || total
-------------------------++-------
Melee: Unarmed           ||    87
       Tailslap          ||    11
       Kick              ||     2
       Punch             ||     2
 Cast: Beastly Appendage ||     3
       Wereblood         ||     3
  Use: Scroll            ||     2
Armor: Skin              ||    26
Dodge: Dodged            ||    54
